Unix NetHack Version 5.0.0-0 post-release - last build May  4 2026 22:22:43 (774f63e81ad911689b3a0859ea89b322d5daca8d,branch:main).

Game began 2026-05-06 16:09:13, ended 2026-05-06 16:25:53.

Ackbladder, lawful female dwarven Valkyrie

                                          --------
                      ----------          |......|                  ---+------
                     #-........|          |......|           #######-........|
     -----------     #|..>.{....## #      |......|   -----   #      |........|
     |..>......|     #---------- ###     #-.......# #...<.####      |........|
     |..........###################      #-.------###|...|#`########-........|
     |.........|   ###           #       # #        #|...|          |........|
     -.-----.---  ##             #     ### #        #-----          ----------
      ##    #######              ## ####   #        ##
       #        ##################`##      #        ###
       ###@     #                ##################%####
       ---r-----#                  ## # ------|-------##           ####
       |.......|#      ------------#  # |............|##    ----------|-
       |........#      |..........|#  # |............|##### |..........|
       |_......|       |..........|#  # |.............#   # |..........|
       |........###    |..........-#  ##.............|    # |..........|
       ---------  #####|..........|     --------------    ##-...)......|
                      #......*....|                         ------------
                       ------------

Ackbladder the Skirmisher   St:18/03 Dx:15 Co:14 In:9 Wi:9 Ch:10  Lawful
Dlvl:3  $:84 HP:0(50) Pw:6(6) AC:6  Xp:5 T:2392 

Latest messages:
 You hear a gurgling noise.
 You stop searching.
 You feel agile!
 You must have been working on your reflexes.
 The wererat bites!
 You hit the wererat!
 The wererat summons help!
 A rabid rat suddenly appears next to you!
 A giant rat suddenly appears next to you!
 A sewer rat suddenly appears next to you!
 A sewer rat suddenly appears next to you!
 A sewer rat suddenly appears next to you!
 The wererat bites!
 You feel feverish.
 You miss the wererat.
 The sewer rat misses!
 The sewer rat bites!
 The sewer rat misses!
 The giant rat bites!
 The rabid rat just misses!
 The wererat bites!
 The sewer rat bites!
 The sewer rat bites!
 The giant rat bites!
 The rabid rat bites!
 The giant rat bites!
 The sewer rat bites!
 The giant rat bites!
 The sewer rat misses!
 The wererat bites!
 You kill the sewer rat!
 You kill the sewer rat!
 The wererat changes into a human.
 You kill the sewer rat!
 Welcome to experience level 5.
 You kill the giant rat!
 You kill the wererat!
 You miss the rabid rat.
 The rabid rat bites!
 You miss the rabid rat.
 The rabid rat bites!
 You hit the rabid rat!
 The rabid rat bites!
 You miss the rabid rat.
 The rabid rat bites!
 You miss the rabid rat.
 The rabid rat bites!
 You die...
 Do you want your possessions identified? [ynq] (y) y
 Do you want to see your attributes? [ynq] (y) q

Inventory:
 Coins    ('$')
  $ - 84 gold pieces
 Weapons  (')')
  s - a +0 sling
  b - a +0 dagger (alternate weapon; not wielded)
  a - a +1 dwarvish spear (weapon in left hand)
  q - a +0 elven dagger (at the ready)
  m - a +0 orcish dagger
  v - a +0 long sword
  j - a +0 morning star
 Armor    ('[')
  k - an uncursed +0 orcish helm
  G - a cursed -2 orcish helm
  c - an uncursed +3 small shield (being worn)
 Comestibles  ('%')
  d - 2 uncursed food rations
 Scrolls  ('?')
  w - an uncursed scroll of confuse monster
  f - an uncursed scroll of enchant armor
  e - an uncursed scroll of identify
 Spellbooks  ('+')
  y - an uncursed spellbook of cure sickness
  x - an uncursed spellbook of dig
 Potions  ('!')
  i - an uncursed potion of booze
  o - a cursed potion of booze
  n - 2 uncursed potions of healing
  l - an uncursed potion of monster detection
  h - an uncursed potion of sleeping
 Wands    ('/')
  p - a wand of fire (0:3)
  t - a wand of polymorph (0:4)
 Tools    ('(')
  A - an uncursed leash
  g - an uncursed skeleton key
 Gems/Stones  ('*')
  r - an uncursed flint stone

Ackbladder the Valkyrie's attributes:

Background:
 You were a Skirmisher, a level 5 dwarven Valkyrie.
 You were lawful, on a mission for Tyr
 who was opposed by Odin (neutral) and Loki (chaotic).
 You were left-handed.
 You were in the Dungeons of Doom, on level 3.
 You entered the dungeon 2392 turns ago.
 You had 172 experience points, 148 more were needed to attain level 6.

Basics:
 You had 0 out of 50 hit points.
 You had all 6 energy points (spell power).
 Your armor class was 6.
 Your wallet contained 84 zorkmids.
 Autopickup was off.

Final Characteristics:
 Your strength was 18/03 (limit:18/100).
 Your dexterity was 15 (limit:20).
 Your constitution was 14 (limit:20).
 Your intelligence was 9 (limit:16).
 Your wisdom was 9 (limit:16).
 Your charisma was 10 (limit:16).

Final Status:
 You weren't hungry.
 You were unencumbered.
 You were wielding a spear.
 You had basic skill with spear.

Final Attributes:
 You were piously aligned.
 You were cold resistant.
 You were poison resistant.
 You were level-drain resistant.
 You were telepathic.
 You had infravision.
 You were stealthy.
 You were a wererat.
 You were harmed by silver.
 You are dead.

Miscellaneous:
 You didn't encounter any bones levels.
 Total elapsed playing time was 16 minutes and 39 seconds.

Major events:
 Turn
    1: Ackbladder the lawful dwarven Valkyrie entered the dungeon
  787: attained the rank of Skirmisher (level 3)
  933: entered the Gnomish Mines
 2392: killed by a rabid rat

You didn't know any spells.

Skills:
 Fighting Skills
   bare handed combat [Unskilled]
   two weapon combat  [Unskilled]
   riding             [Unskilled]
 Weapon Skills
   dagger             [Basic]
   axe                [Unskilled]
   pick-axe           [Unskilled]
   short sword        [Unskilled]
   broadsword         [Unskilled]
   long sword         [Unskilled]
   two-handed sword   [Unskilled]
   saber              [Unskilled]
   hammer             [Unskilled]
   quarterstaff       [Unskilled]
   polearms           [Unskilled]
   spear              [Basic]
   trident            [Unskilled]
   lance              [Unskilled]
   sling              [Unskilled]
 Spellcasting Skills
   attack spells      [Unskilled]
   escape spells      [Unskilled]

Voluntary challenges:
 Character rerolling was not enabled.
 You never genocided any monsters.
 You never polymorphed an object.
 You never changed form.
 You used no wishes.
Achievements:
 You entered a shop.
 You attained the rank of Skirmisher.
 You entered the Gnomish Mines.

 The Dungeons of Doom: levels 1 to 4
    Level 1:
       A fountain.
    Level 2:
       A ring shop, some fountains.
    Level 3: <- You were here.
       An altar to Tyr, a sink.
       Stairs down to The Gnomish Mines.
       Final resting place for
          you, killed by a rabid rat.
    Level 4:
       A grave.
 The Gnomish Mines:
    Level 4:


Vanquished creatures:
  2 shriekers
  a little dog
  2 floating eyes
  a kitten
  a wererat
  a werejackal
  2 iguanas
 an acid blob
  4 coyotes
  a hobbit
  2 manes
  a large kobold
  a hobgoblin
  a giant rat
  a brown mold
  a yellow mold
  2 gnome zombies
  8 jackals
  2 goblins
  4 sewer rats
  3 grid bugs
  3 lichens
  3 newts
48 creatures vanquished.

No species were genocided or became extinct.

Game over:
                       ----------
                      /          \
                     /    REST    \
                    /      IN      \
                   /     PEACE      \
                  /                  \
                  |    Ackbladder    |
                  |      84 Au       |
                  |   killed by a    |
                  |    rabid rat     |
                  |                  |
                  |                  |
                  |       2026       |
                 *|     *  *  *      | *
        _________)/\\_//(\/(/\)/\//\/|_)_______

Farvel Ackbladder the Valkyrie...

You died in The Dungeons of Doom on dungeon level 3 with 924 points,
and 84 pieces of gold, after 2392 moves.
You were level 5 with a maximum of 50 hit points when you died.

